 Dungeon Crawl Stone Soup version 0.27-a0-1548-gf8a67e7463 (webtiles) character file.

Game seed: 11078183534662252428

249 pyrow613 the Conjurer (level 5, 0/46 HPs)
             Began as a Draconian Conjurer on July 13, 2021.
             Was a Believer of Qazlal.
             Succumbed to Ijyb's poison
             ... on level 3 of the Dungeon.
             The game lasted 00:09:38 (2629 turns).

pyrow613 the Conjurer (Draconian Conjurer)          Turns: 2629, Time: 00:09:39

Health: 0/46       AC:  5    Str:  9    XL:     5   Next: 87%
Magic:  4/9        EV: 12    Int: 19    God:    Qazlal [**....]
Gold:   135        SH:  2    Dex: 10    Spells: 7/10 levels left

rFire    . . .     SeeInvis .   b - +1 mace (protect)
rCold    . . .     Faith    .   (no shield)
rNeg     . . .     Spirit   .   (armour unavailable)
rPois    .         Reflect  .   (helmet restricted)
rElec    .         Harm     .   (no cloak)
rCorr    .         Rampage  .   (no gloves)
Will     .....                  (no boots)
Stlth    +.........             (no amulet)
HPRegen  0.15/turn              (no ring)
MPRegen  0.11/turn              (no ring)

@: brilliant, lethally poisoned (0 -> -3)
A: AC +5, unfitting armour, cold-blooded
a: Renounce Religion, Upheaval


You were on level 3 of the Dungeon.
You worshipped Qazlal.
Qazlal was pleased with you.
You visited 1 branch of the dungeon, and saw 3 of its levels.

You collected 135 gold pieces.

Inventory:

Hand Weapons
 a - a +1 short sword of holy wrath
 b - a +1 mace of protection (weapon)
Scrolls
 h - a scroll of teleportation {unknown}


   Skills:
 * Level 3.8 Fighting
 - Level 1.7 Dodging
 - Level 1.7 Stealth
 + Level 3.0 Spellcasting
 * Level 5.5 Conjurations


You had 7 spell levels left.
You knew the following spells:

 Your Spells              Type           Power      Damage    Failure   Level
a - Magic Dart            Conj           100%       1d8       1%          1
b - Searing Ray           Conj           70%        3d5       2%          2

Your spell library contained the following spells:

 Spells                   Type           Power      Damage    Failure   Level
 Shock                    Conj/Air       80%        1d8       4%          1
 Dazzling Flash           Conj/Hex       40%        N/A       14%         3
 Swiftness                Air            4%         N/A       41%         3
 Fulminant Prism          Conj/Hex       10%        3d9       43%         4
 Iskenderun's Mystic Bla  Conj/Tloc      20%        2d6       43%         4
 Airstrike                Air            2%         N/A       83%         4


Dungeon Overview and Level Annotations

Branches:
Dungeon (3/15)

Altars:
Cheibriados
Qazlal

Shops:
D:1 (   D:3 =[


Innate Abilities, Weirdness & Mutations

Your plain brown scales are hard. (AC +5)
You cannot fit into any form of body armour.
You are cold-blooded and may be slowed by cold attacks.


Message History

Ijyb screams, "I dance on your bones!"
Casting: Searing Ray (safe; 2% risk of failure)
Confirm with . or Enter, or press ? or * to list all spells.
Aiming: Searing Ray (safe; 2% risk of failure)
Press: ? - help, Shift-Dir - straight line, f/p - Ijyb
Aim: Ijyb, wielding a +0 dagger of venom, wearing a +0 leather armour and carrying a wand of mindburst (15) (moderately wounded, 72% to hit)
The searing ray hits Ijyb!
Ijyb is severely wounded. (Press . to maintain the ray.) Ijyb hits you but does no damage.
You are poisoned.
The searing ray hits Ijyb.
Ijyb is almost dead.
You feel sick.
Ijyb hits you with a +0 dagger of venom.
You are lethally poisoned!
The searing ray hits Ijyb.
You kill Ijyb!
Qazlal accepts your kill.
* * * LOW HITPOINT WARNING * * *
You feel very sick.
Your magical contamination has completely faded away.
You feel your intelligence returning.
It was a potion of brilliance.
You feel clever all of a sudden.
* * * LOW HITPOINT WARNING * * *
You feel very sick.
Unknown command.
* * * LOW HITPOINT WARNING * * *
You feel sick.
Things that are here:
a +0 dagger of venom; a +0 leather armour; a wand of mindburst (15)
There is a lethal amount of poison in your body!
* * * LOW HITPOINT WARNING * * *
You feel sick.
* * * LOW HITPOINT WARNING * * *
You feel sick.
* * * LOW HITPOINT WARNING * * *
You feel sick.
You die...

......# #.#..#.#.......###
....g.# #.#..#.#.......#..
###+#.# #.#..#g#.......#..
#.# #.#..#.#.......#.. #.#
#.#..#.#.......#.. #.#
#.#..#.#.......'..
#.##########.#..#.#.......#..
#...............#.#.......###
############@#.##.#.#######
#.#....#.# #.######.#
#........# ##########


There were no monsters in sight!

Vanquished Creatures
  Sigmund (D:3)
  Ijyb (D:3)
  An adder (D:2)
  3 gnolls (D:2)
  2 dart slugs (D:1)
  2 endoplasms (D:1)
  6 goblins
  3 hobgoblins
  2 jackals (D:1)
  5 kobolds
  A quokka (D:1)
  8 ball pythons
  4 bats
  3 frilled lizards
  5 rats
47 creatures vanquished.

Notes
Turn   | Place    | Note
-------+----------+-------------------------------------------
     0 | D:1      | pyrow613 the Draconian Conjurer began the quest for the
                  | Orb.
     0 | D:1      | Reached XP level 1. HP: 14/14 MP: 3/3
    48 | D:1      | Found Feudghi's Antique Weapon Shoppe.
   327 | D:1      | Reached skill level 1 in Fighting
   374 | D:1      | Reached XP level 2. HP: 23/23 MP: 3/5
   408 | D:1      | Learned a level 2 spell: Searing Ray
   704 | D:1      | Found a faded altar of an unknown god.
   734 | D:1      | Became a worshipper of Qazlal Stormbringer
   734 | D:1      | Reached * piety under Qazlal
  1062 | D:1      | Reached XP level 3. HP: 28/29 MP: 6/6
  1501 | D:2      | Reached XP level 4. HP: 37/37 MP: 0/7
  2292 | D:3      | Found Goasauhom's Jewellery Boutique.
  2331 | D:3      | Found a snail-covered altar of Cheibriados.
  2338 | D:3      | Noticed Sigmund
  2350 | D:3      | Killed Sigmund
  2351 | D:3      | Reached skill level 5 in Conjurations
  2351 | D:3      | Reached XP level 5. HP: 46/46 MP: 2/9
  2404 | D:3      | Found Qige's Antique Armour Shop.
  2467 | D:3      | Reached ** piety under Qazlal
  2569 | D:3      | Noticed Ijyb
  2623 | D:3      | Killed Ijyb
  2627 | D:3      | HP: 2/46 [poisoned by Ijyb]
  2629 | D:3      | Succumbed to Ijyb's poison

Illustrated notes

Levels and vault maps discovered:
D:1:      minmay_arrival_stone_box, layout_basic, serial_shops, shop,
          hellmonk_ecumenical_altar_slurped_away
D:2:      layout_basic
D:3:      layout_basic, mainiacjoe_overflow_catwalk,
          mainiacjoe_overflow_alcove_3, serial_shops, shop, shop, shop, shop,
          nicolae_shop_crystal, uniq_jessica, uniq_ijyb, uniq_sigmund

Skill      XL: |  1  2  3  4 |
---------------+-------------+-----
Fighting       | 1 2 3 |  3.8
Spellcasting   | 3 |  3.0
Conjurations   | 5 |  5.5
Dodging        | |  1.7
Stealth        | |  1.7

Action                   |  1- 3 |  4- 6 || total
-------------------------+-------+-------++-------
Melee: Short sword       |    14 |       ||    14
       Tailslap          |     1 |     1 ||     2
       Mace              |    42 |    15 ||    57
 Cast: Magic Dart        |    34 |     2 ||    36
       Searing Ray       |     3 |     3 ||     6
  Use: Potion            |       |     6 ||     6
       Scroll            |       |     2 ||     2
Armor: Skin              |    29 |    12 ||    41
Dodge: Dodged            |    57 |     9 ||    66
Block: Other             |     1 |     1 ||     2

Table legend: (Time is in decaauts)
 A = Elapsed time spent in this place.
 B = Non-inter-level travel time spent in this place.
 C = Inter-level travel time spent in this place.
 D = Time resting spent in this place.
 E = Time spent auto-exploring this place.
 F = Levels seen in this place.
 G = Mean time per level.
                   A        B        C        D        E       F      G
               +--------+--------+--------+--------+--------+-----+--------+
         Total |   2633 |   2518 |    115 |    263 |   1795 |   3 |  877.7 |
       Dungeon |   2633 |   2518 |    115 |    263 |   1795 |   3 |  877.7 |
               +--------+--------+--------+--------+--------+-----+--------+

Top non-repeatable levels by time:
     D:1: 1238 daAuts
     D:2: 1070 daAuts
     D:3: 324 daAuts
